 Dungeon Crawl Stone Soup version 0.30.0-21-gd299b56b3f (webtiles) character file.

Game seed: 1354273050612890424

82 qw the Chopper (level 4, -5/28 HPs)
             Began as a Gargoyle Fighter on June 2, 2023.
             Slain by Grinder (6 damage)
             ... on level 3 of the Dungeon.
             The game lasted 00:01:04 (1558 turns).

qw the Chopper (Gargoyle Fighter)                   Turns: 1558, Time: 00:01:05

Health: -5/28      AC: 10    Str: 21    XL:     4   Next: 43%
Magic:  4/4        EV:  9    Int:  9    God:
Gold:   124        SH:  4    Dex:  9    Spells: 3/3 levels left

rFire   . . .        Y - +0 war axe
rCold   . . .        c - +0 buckler
rNeg    + . .        b - +0 scale mail
rPois   inf          (no helmet)
rElec   +            (no cloak)
rCorr   .            (no gloves)
SInv    .            (no boots)
Will    .....        (no amulet) Stlth
                     (no ring)
HPRegen 0.24/turn    (no ring)
MPRegen 0.09/turn

%: no passive effects
@: no status effects
A: sickness immunity, AC +3, negative energy resistance 1, electricity
resistance, torment resistance 1, petrification resistance
a: no special abilities


You were on level 3 of the Dungeon.
You visited 1 branch of the dungeon, and saw 3 of its levels.

You collected 124 gold pieces.


Innate Abilities, Weirdness & Mutations

You are immune to sickness and miasma.
Your stone body is resilient. (AC +3)
You are immune to poison.
You resist negative energy. (rN+)
You are resistant to electric shocks. (rElec)
You are resistant to unholy torment.
You are immune to petrification.


   Skills:
 - Level 3.2 Fighting
 + Level 4.1 Axes
 - Level 3.2 Armour
 - Level 3.2 Shields


You had 3 spell levels left.
You didn't know any spells.
Your spell library was empty.

Inventory:

Hand Weapons
 g - a +0 morningstar
 Y - a +0 war axe (weapon)
Armour
 b - a +0 scale mail (worn)
 c - a +0 buckler (worn)
Scrolls
 f - a scroll of identify
Potions
 a - a potion of invisibility {unknown}
 d - 2 potions of might
 e - a potion of mutation {unknown}
 j - a potion of heal wounds {unknown}
 k - a potion of curing
 l - a potion of haste {unknown}

Dungeon Overview and Level Annotations

Branches:
Dungeon (3/15)

Altars:

Shops:
D:1 [

Annotations:
D:3 Grinder


Message History

Grinder is lightly wounded.
Grinder hits you but does no damage.
You closely miss Grinder.
Grinder is lightly wounded.
Grinder blinks!
Found 7 gold pieces.
Grinder blinks!
Found a trident.
You closely miss Grinder.
Grinder is lightly wounded.
Grinder hits you! Grinder misses you.
You closely miss Grinder.
Grinder is lightly wounded.
Grinder gestures at you.
You suddenly lose the ability to move!
A quokka comes into view.
Grinder hits you.
You can move again.
You slash Grinder!
Grinder is moderately wounded.
Grinder hits you!
You writhe in agony.
You slash Grinder!
Grinder is heavily wounded.
Grinder gestures at you.
You shrug off the repeated paralysis!
Grinder drinks a potion.
Grinder is healed!
You hit Grinder.
Grinder is moderately wounded.
Grinder hits you.
You slash Grinder!
Grinder is heavily wounded.
You closely miss the quokka.
The quokka bites you but does no damage.
Grinder gestures at you. Pain shoots through your body!
You completely miss Grinder.
Grinder is heavily wounded.
You barely miss the quokka. The quokka barely misses you. Grinder hits you.
You die...

#..
...############
.............
...........##.#
#........$)
#.......##
#.......<#
#...@....#
#..r5....#
............#
......#####.#
...... #.#
###### #.# #.#


You could see Grinder and a quokka.

Vanquished Creatures
  An adder (D:2)
  2 worms (D:2)
  5 dart slugs
  5 ball pythons
  2 endoplasms (D:1)
  3 giant cockroaches
  7 goblins
  5 hobgoblins (D:2)
  2 quokkas
  4 bats
  3 frilled lizards
  11 kobolds
  6 rats
56 creatures vanquished.

Notes
Turn   | Place    | Note
-------+----------+-------------------------------------------
     0 | D:1      | qw the Gargoyle Fighter began the quest for the Orb.
     0 | D:1      | Reached XP level 1. HP: 14/14 MP: 1/1
     0 | D:1      | 0 ||| qw: Version: 0.2-a-102-gdf20003
     0 | D:1      | 0 ||| qw: Game counter: 817
     0 | D:1      | 0 ||| qw: Always use a shield: true
     0 | D:1      | 0 ||| qw: God list: Okawaru
     0 | D:1      | 0 ||| qw: Allow faded altars: false
     0 | D:1      | 0 ||| qw: Do Orc after D:15 true
     0 | D:1      | 0 ||| qw: Do second Lair branch before Depths: true
     0 | D:1      | 0 ||| qw: Lair rune preference: random
     0 | D:1      | 0 ||| qw: Plans: Normal, Zot:1-4, Slime:5, God:TSO, Crypt,
                  | Tomb, Pan, Hells, Abyss, Win
     0 | D:1      | 0 ||| PLANNING D:1-11
    37 | D:1      | Reached skill level 2 in Axes
   107 | D:1      | Reached XP level 2. HP: 14/19 MP: 2/2
   270 | D:1      | Found Biufez's Antique Armour Shoppe.
   276 | D:1      | 276 ||| SHOPLISTING chain mail (108 gold, have 28).
   276 | D:1      | 276 ||| SHOPLISTING glowing ring mail (168 gold, have 28).
   276 | D:1      | 276 ||| SHOPLISTING pair of gloves (108 gold, have 28).
   276 | D:1      | 276 ||| SHOPLISTING runed ring mail (168 gold, have 28).
   312 | D:1      | Reached skill level 3 in Axes
   479 | D:1      | Reached XP level 3. HP: 20/23 MP: 3/3
   666 | D:1      | 666 ||| DROPPING +6 ring of intelligence.
   667 | D:1      | 667 ||| READING scroll labelled GUNNEI EMILLU.
   672 | D:1      | 672 ||| READING scroll labelled MOICULAPAO.
   673 | D:1      | 673 ||| READING scroll labelled FICIME TAEGUOVI.
   674 | D:1      | 674 ||| READING scroll labelled WON NAVEPPIYD.
   675 | D:1      | 675 ||| READING scroll labelled QASOTO FIUBO.
   748 | D:2      | 748 ||| DROPPING +0 club.
   762 | D:2      | 762 ||| Stepping ~*~*~tactically~*~*~ (stealth).
   785 | D:2      | 785 ||| DROPPING +0 whip.
   793 | D:2      | 793 ||| Stepping ~*~*~tactically~*~*~ (hiding).
   924 | D:2      | 924 ||| Stepping ~*~*~tactically~*~*~ (hiding).
   927 | D:2      | 927 ||| Stepping ~*~*~tactically~*~*~ (hiding).
   928 | D:2      | 928 ||| Stepping ~*~*~tactically~*~*~ (hiding).
   929 | D:2      | 929 ||| Stepping ~*~*~tactically~*~*~ (hiding).
   930 | D:2      | 930 ||| Stepping ~*~*~tactically~*~*~ (hiding).
   933 | D:2      | 933 ||| Stepping ~*~*~tactically~*~*~ (hiding).
   947 | D:2      | Reached XP level 4. HP: 27/28 MP: 4/4
  1009 | D:2      | 1009 ||| Stepping ~*~*~tactically~*~*~ (hiding).
  1086 | D:2      | Reached skill level 4 in Axes
  1528 | D:2      | 1528 ||| READING scroll labelled UMADIMEEPN.
  1529 | D:2      | 1529 ||| DRINKING 2 fizzy cyan potions.
  1530 | D:2      | 1530 ||| DROPPING potion of magic.
  1541 | D:3      | Noticed Grinder
  1552 | D:3      | Paralysed by Grinder for 2 turns
  1556 | D:3      | HP: 4/28 [Grinder (5)]
  1557 | D:3      | HP: 1/28 [Grinder/nerve-wracking pain (3)]
  1558 | D:3      | Slain by Grinder

Levels and vault maps discovered:
D:1:      nicolae_arrival_washed_ashore, layout_basic, serial_shops, shop,
          chequers_serial_rivers_micro_b
D:2:      layout_basic, serial_bayou, serial_bayou_pond_b, serial_bayou_pond_e,
          serial_bayou_lake_a, serial_bayou_lagoon_b, minmay_tripent
D:3:      layout_basic, tso_metal_star, uniq_grinder

Skill      XL: |  1  2  3  4 |
---------------+-------------+-----
Axes           | 2 3 4 |  4.1
Fighting       | |  3.2
Armour         | |  3.2
Shields        | |  3.2

Action                     |  1- 3 |  4- 6 || total
---------------------------+-------+-------++-------
  Melee: War axe           |   101 |    58 ||   159
    Use: Scroll            |     5 |     1 ||     6
         Potion            |       |     1 ||     1
 Armour: Scale mail        |    45 |    22 ||    67
  Dodge: Dodged            |    37 |    17 ||    54
  Block: Buckler           |    23 |     7 ||    30

Table legend:
 A = Non-vault XP
 B = Vault XP
 C = Vault XP percentage of total XP
 D = Non-vault monster count
 E = Vault monster count
 F = Vault count percentage of total count
                 A         B        C        D         E       F
            +---------+---------+-------+---------+---------+-------
      Total |     107 |      11 |   9.3 |      50 |       6 |  10.7
            +---------+---------+-------+---------+---------+-------
        D:1 |      42 |       0 |   0.0 |      22 |       0 |   0.0
        D:2 |      63 |      11 |  14.9 |      27 |       6 |  18.2
        D:3 |       2 |       0 |   0.0 |       1 |       0 |   0.0
            +---------+---------+-------+---------+---------+-------
